 Dungeon Crawl Stone Soup version 0.26-b1-32-g5d43845318 (webtiles) character file.

Game seed: 3693700313895935768

1395 MajorAdolf the Chopper (level 8, 0/75 HPs)
             Began as a Naga Wanderer on Jan 8, 2021.
             Slain by an orc warrior
             ... wielding a +0 long sword
              (8 damage)
             ... on level 6 of the Dungeon.
             The game lasted 00:09:06 (6517 turns).

MajorAdolf the Chopper (Naga Wanderer)              Turns: 6517, Time: 00:09:07

Health: 0/75       AC: 12    Str: 18    XL:     8   Next: 68%
Magic:  16/16      EV:  9    Int: 11    God:
Gold:   217        SH:  0    Dex:  9    Spells: 7/7 levels left

rFire    . . .     SeeInvis +   m - +1 hand axe (flame)
rCold    + . .     Faith    .   (no shield)
rNeg     . . .     Spirit   .   t - +0 scale mail {rC+}
rPois    +         Reflect  .   s - +1 helmet
rElec    .         Harm     .   o - +0 cloak {Will+}
rCorr    .         Rampage  .   (no gloves)
Will     ++...                  (no barding)
Stlth    ..........             (no amulet)
HPRegen  0.22/turn              p - ring of magical power
MPRegen  0.15/turn              (no ring)

@: mighty, very slow
A: large, iridescent scales 1, see invisible, deformed body, dopey 1, low mp 1,
sense surroundings 1, poison resistance, slowness 2, spit poison 1, AC +2
a: Spit Poison


You were on level 6 of the Dungeon.
You visited 1 branch of the dungeon, and saw 6 of its levels.

You collected 217 gold pieces.

Inventory:

Hand Weapons
 m - a +1 hand axe of flaming (weapon)
Missiles
 f - 65 arrows
Armour
 a - a +0 chain mail
 b - a +0 cloak
 o - a +0 cloak of willpower (worn)
 s - a +1 helmet (worn)
 t - a +0 scale mail of cold resistance (worn)
Jewellery
 d - an uncursed ring of see invisible {unknown}
 p - a ring of magical power (left hand)
Wands
 k - a wand of flame (24)
Scrolls
 c - 3 scrolls of teleportation
 e - 7 scrolls of remove curse
 g - a scroll of amnesia {unknown}
 j - a scroll of blinking
 n - 2 scrolls of fog
Potions
 h - a potion of flight {unknown}
 i - a potion of might
 l - 2 potions of heal wounds
 q - a potion of invisibility
 u - a potion of lignification {unknown}


   Skills:
 + Level 5.4 Fighting
 + Level 5.7 Axes
 - Level 1.7 Bows
 + Level 5.3 Armour
 + Level 3.6 Dodging
 - Level 1.5 Stealth
 - Level 1.0 Shields


You had 7 spell levels left.
You didn't know any spells.
Your spell library was empty.

Dungeon Overview and Level Annotations

Branches:
Dungeon (6/15)
 Temple: D:4-7

Altars:
Ru
Trog


Innate Abilities, Weirdness & Mutations

You cannot wear boots.
Your serpentine skin is tough. (AC +2)
You have supernaturally acute eyesight. (SInv)
Armour fits poorly on your strangely shaped body.
Your system is resistant to poisons. (rPois)
You cover ground very slowly.
You can spit poison.
You are partially covered in iridescent scales. (AC +2)
You are dopey. (Int -2)
Your magical capacity is low. (-10% MP)
You passively map a small area around you.


Message History

The orc warrior hits you with a +0 long sword.
* * * LOW HITPOINT WARNING * * *
Unknown command.
Press: ? - help, Shift-Dir - straight line, f - orc warrior
Aim: an orc warrior, wielding a +0 long sword and wearing a +0 chain mail (heavily wounded)
The splash of poison hits the orc warrior.
The orc warrior is heavily wounded.
Unknown command.
You feel very mighty all of a sudden.
The orc warrior hits you but does no damage.
Unknown command.
You closely miss the orc warrior.
The orc warrior is heavily wounded.
The orc warrior hits you with a +0 long sword!
* * * LOW HITPOINT WARNING * * *
You hit the orc warrior. You burn the orc warrior.
The orc warrior is almost dead.
You have got your breath back.
The orc warrior hits you with a +0 long sword!
You die...

, ##........###.. *
#..............* ,
##.............. * ,
#...............
##............... *
#................ , *
##........))......,
#.........@)......
#.........)o...... ,
###..†.............
###...######........#
####...### ##########
* ....#### ..### ..#
..#


You could see an orc warrior.

Vanquished Creatures
  Prince Ribbit (D:5)
  Edmund (D:5)
  A black bear (D:6)
  A sky beast (D:6)
  A phantom (D:4)
  An ogre (D:5)
  A centaur (D:5)
  2 howler monkeys
  3 hounds
  4 orc priests
  A bullfrog skeleton (D:3)
  2 orc wizards
  An iguana (D:4)
  A howler monkey zombie (D:5)
  8 adders
  A shadow imp (D:5)
  An ufetubus (D:6)
  2 oozes (D:3)
  An adder skeleton (D:5)
  4 worms
  2 dart slugs (D:1)
  6 leopard geckos
  24 orcs
  4 giant cockroaches
  10 goblins
  3 hobgoblins
  11 jackals
  A quokka (D:6)
  3 ball pythons
  2 bats
  5 frilled lizards
  7 kobolds
  A quokka zombie (D:5)
  11 rats
128 creatures vanquished.

Notes
Turn   | Place    | Note
-------+----------+-------------------------------------------
     0 | D:1      | MajorAdolf the Naga Wanderer began the quest for the Orb.
     0 | D:1      | MajorAdolf set off with the following items: a +2 shortbow,
                  | 24 arrows, a scroll of teleportation, a +0 ring mail
     0 | D:1      | Reached XP level 1. HP: 19/19 MP: 1/1
    74 | D:1      | Reached XP level 2. HP: 21/27 MP: 2/2
   453 | D:1      | Reached skill level 1 in Axes
   453 | D:1      | Reached XP level 3. HP: 33/34 MP: 3/3
   886 | D:2      | Reached XP level 4. HP: 13/42 MP: 4/4
  2142 | D:3      | Reached XP level 5. HP: 46/49 MP: 5/5
  2557 | D:3      | Found a sacrificial altar of Ru.
  2723 | D:3      | Found a bloodstained altar of Trog.
  2909 | D:3      | Found a faded altar of an unknown god.
  3350 | D:4      | Reached XP level 6. HP: 50/56 MP: 6/6
  3428 | D:4      | Noticed a phantom
  3485 | D:4      | Reached skill level 1 in Dodging
  3489 | D:4      | Killed a phantom
  4231 | D:5      | Entered Level 5 of the Dungeon
  4234 | D:5      | Noticed Edmund
  4255 | D:5      | Killed Edmund
  4256 | D:5      | Reached XP level 7. HP: 26/64 MP: 7/7
  5471 | D:5      | Noticed Prince Ribbit
  5486 | D:5      | Killed Prince Ribbit
  5487 | D:5      | Reached skill level 5 in Axes
  5487 | D:5      | Reached XP level 8. HP: 58/73 MP: 8/8
  5562 | D:5      | Gained mutation: Your magical capacity is low. (-10% MP)
                  | [potion of mutation]
  5562 | D:5      | Gained mutation: You are partially covered in iridescent
                  | scales. (AC +2) [potion of mutation]
  5562 | D:5      | Gained mutation: You are dopey. (Int -2) [potion of
                  | mutation]
  5562 | D:5      | Gained mutation: You passively map a small area around you.
                  | [potion of mutation]
  5572 | D:5      | Reached skill level 5 in Fighting
  5772 | D:5      | Reached skill level 5 in Armour
  6517 | D:6      | Slain by an orc warrior

Illustrated notes

Levels and vault maps discovered:
D:1:      saegor_arrival_simple_c, layout_rooms, minmay_pentomino_v2
D:2:      layout_basic
D:3:      layout_basic, lightli_temple_of_fire, chequers_ecumenical_altar_grove,
          nicolae_ru_the_path_less_chosen
D:4:      layout_cave_pools
D:5:      layout_rooms, uniq_edmund, uniq_prince_ribbit1
D:6:      layout_cave_pods

Skill      XL: |  1  2  3  4  5  6  7  8 |
---------------+-------------------------+-----
Fighting       | 3 4 5 |  5.4
Axes           | 1 2 3 4 5 |  5.7
Dodging        | 2 3 |  3.6
Armour         | 4 5 |  5.3
Bows           | |  1.7
Stealth        | |  1.5
Shields        | |  1.0

Action                   |  1- 3 |  4- 6 |  7- 9 || total
-------------------------+-------+-------+-------++-------
Melee: Hand axe          |     2 |   208 |   151 ||   361
 Fire: Shortbow          |    75 |       |       ||    75
 Abil: Spit Poison       |     3 |     8 |     6 ||    17
  Use: Scroll            |       |     4 |     6 ||    10
       Potion            |       |     1 |     3 ||     4
Armor: Ring mail         |    13 |     5 |       ||    18
       Chain mail        |       |   127 |       ||   127
       Scale mail        |       |       |    95 ||    95
Dodge: Dodged            |    18 |    72 |    92 ||   182
